 Dungeon Crawl Stone Soup version 0.23.1 (webtiles) character file.

Game seed: 3637576803444052184

32 Borgoz the Skirmisher (level 3, 0/43 HPs)
             Began as a Demonspawn Abyssal Knight on Mar 2, 2019.
             Was a Follower of Lugonu.
             Slain by an adder (3 damage)
             ... on level 2 of the Dungeon.
             The game lasted 00:01:25 (1569 turns).

Borgoz the Skirmisher (Demonspawn Abyssal Knight)   Turns: 1569, Time: 00:01:26

Health: 0/43       AC:  3    Str: 17    XL:     3   Next: 8%
Magic:  5/5        EV: 11    Int: 13    God:    Lugonu [*.....]
Gold:   56         SH:  0    Dex: 13    Spells: 2/2 levels left

rFire    . . .     SeeInvis .   a - +1 hand axe
rCold    . . .     Gourm    .   (no shield)
rNeg     . . .     Faith    .   b - +0 leather armour
rPois    .         Spirit   .   (no helmet)
rElec    .         Reflect  .   (no cloak)
rCorr    .         Harm     .   (no gloves)
MR       .....                  (no boots)
Stlth    ..........             (no amulet)
HPRegen  0.14/turn              (no ring)
MPRegen  0.09/turn              (no ring)

@: berserking, lethally poisoned (0 -> -2), very quick
A: powered by death 2
a: Depart the Abyss, Renounce Religion


You were on level 2 of the Dungeon.
You worshipped Lugonu.
Lugonu was aware of your devotion.
You were not hungry.

You visited 1 branch of the dungeon, and saw 2 of its levels.
You visited the Abyss 1 time.

You collected 56 gold pieces.

Inventory:

Hand Weapons
 a - a +1 hand axe (weapon)
Missiles
 e - 16 poisoned needles
Armour
 b - a +0 leather armour (worn)
Jewellery
 j - an uncursed ring of positive energy {unknown}
Scrolls
 d - 2 scrolls of enchant armour {unknown}
 f - 2 scrolls of identify {unknown}
 g - a scroll of random uselessness {unknown}
 i - 2 scrolls of teleportation {unknown}
Potions
 h - a potion of resistance
Comestibles
 c - 4 rations


   Skills:
 + Level 3.2 Fighting
 + Level 2.1 Axes
 + Level 2.1 Armour
 + Level 1.3 Dodging
 + Level 3.0 Invocations


You had 2 spell levels left.
You didn't know any spells.
Your spell library was empty.

Dungeon Overview and Level Annotations

Branches:
Dungeon (2/15)

Altars:


Innate Abilities, Weirdness & Mutations

You regenerate health from kills.


Message History

The adder is heavily wounded.
You feel sick. The adder barely misses you.
You closely miss the adder.
The adder is heavily wounded.
The adder bites you but does no damage. The adder bites you.
* * * LOW HITPOINT WARNING * * *
You closely miss the adder.
The adder is heavily wounded.
The adder misses you.
You closely miss the adder.
The adder is heavily wounded.
* * * LOW HITPOINT WARNING * * *
You feel sick. The adder bites you.
* * * LOW HITPOINT WARNING * * *
The adder bites you.
* * * LOW HITPOINT WARNING * * *
It was a potion of berserk rage.
A red film seems to cover your vision as you go berserk!
You feel yourself moving faster!
You feel mighty! The adder bites you.
You die...

#.#.# #.#.## #....##
#######.....###
#....†........#
#.###†#.....#.#
#######.#).......##.#
..........PPPP#.###.#
.####.@.♣.♣♣♣..# #.#
#.....S..♣♣♣ ♣..###.#
#.###.$.... ♣♣.<##.#
......PP♣♣..#.##.#
####...P♣PPP....#.#
#.....^..##).#.#
...#.#.####...
##..... .#.#. ## #
..##


You could see an adder.

Vanquished Creatures
  An adder (D:2)
  A worm (D:2)
  A dart slug (D:1)
  A giant cockroach (D:1)
  2 goblins (D:2)
  A hobgoblin (D:1)
  2 jackals (D:1)
  3 kobolds
  A ball python (D:2)
  3 bats
  A rat (D:1)
17 creatures vanquished.

Notes
Turn   | Place    | Note
-------+----------+-------------------------------------------
     0 | Abyss:1  | Borgoz the Demonspawn Abyssal Knight began the quest for
                  | the Orb.
     0 | Abyss:1  | Reached XP level 1. HP: 18/18 MP: 2/2
     8 | Abyss:1  | Found a corrupted altar of Lugonu.
    60 | Abyss:1  | Noticed a small abomination
    62 | D:1      | Escaped the Abyss
    85 | D:1      | Reached skill level 1 in Dodging
   368 | D:1      | Gained mutation: You regenerate a little health from kills.
                  | [demonic ancestry]
   368 | D:1      | Reached XP level 2. HP: 16/24 MP: 4/4
  1424 | D:2      | Reached * piety under Lugonu
  1488 | D:2      | Gained mutation: You regenerate health from kills. [demonic
                  | ancestry]
  1488 | D:2      | Reached XP level 3. HP: 8/29 MP: 5/5
  1569 | D:2      | Slain by an adder

Skill      XL: |  1  2 |
---------------+-------+-----
Dodging        | 1 |  1.3
Armour         | 2 |  2.1
Axes           | 2 |  2.1
Invocations    | 3 |  3.0
Fighting       | |  3.2

Action                   || total
-------------------------++-------
Melee: Hand axe          ||    70
Invok: Depart the Abyss  ||     1
  Use: Potion            ||     3
  Eat: Chunk             ||     2
Armor: Leather armour    ||    24
Dodge: Dodged            ||    57
